 Dungeon Crawl Stone Soup version 0.27-a0-1191-g601b473118 (webtiles) character file.

Game seed: 13482815844642236505

1131 Armakuni the Conjurer (level 8, 0/52 HPs)
             Began as a Human Wanderer on May 23, 2021.
             Was an Initiate of Gozag.
             Slain by a ball python (1 damage)
             ... on level 4 of the Dungeon.
             The game lasted 00:26:08 (4668 turns).

Armakuni the Conjurer (Human Wanderer)              Turns: 4668, Time: 00:26:08

Health: 0/52       AC:  2    Str: 15    XL:     8   Next: 62%
Magic:  6/15       EV: 11    Int: 15    God:    Gozag
Gold:   9          SH:  0    Dex: 10    Spells: 8/17 levels left

rFire    . . .     SeeInvis .   b - +1 lajatang
rCold    . . .     Faith    .   (shield currently unavailable)
rNeg     . . .     Spirit   .   d - +0 robe
rPois    .         Reflect  .   (no helmet)
rElec    .         Harm     .   (no cloak)
rCorr    .         Rampage  .   (no gloves)
Will     .....                  (no boots)
Stlth    +.........             R - amulet of regeneration
HPRegen  1.17/turn              L - ring of flight
MPRegen  0.14/turn              (no ring)

@: lethally poisoned (0 -> -1), gold aura, flying
A: no striking features
a: Renounce Religion, Potion Petition, Call Merchant, Bribe Branch


You were on level 4 of the Dungeon.
You worshipped Gozag.
Gozag was noncommittal.
You visited 1 branch of the dungeon, and saw 8 of its levels.

You collected 164 gold pieces.
You paid 155 gold pieces to Gozag.

Inventory:

Hand Weapons
 a - a +0 hunting sling
 b - a +1 lajatang (weapon)
 f - a +1 quarterstaff of flaming
 g - a +0 glaive
 k - a +0 dagger of venom
Missiles
 o - 101 stones (quivered)
Armour
 d - a +0 robe (worn)
 i - a +1 leather armour
Magical Staves
 p - a staff of conjuration
Jewellery
 H - an amulet of reflection
 L - a ring of flight (left hand)
 R - an amulet of regeneration (around neck)
Wands
 j - a wand of iceblast (8)
Scrolls
 c - a scroll of fog {unknown}
 n - 3 scrolls of amnesia
Potions
 e - a potion of brilliance


   Skills:
 - Level 1.0 Throwing
 - Level 5.0 Spellcasting
 - Level 7.0 Conjurations
 - Level 3.0 Hexes
 - Level 1.0 Translocations
 - Level 2.7 Fire Magic
 - Level 2.0 Ice Magic
 + Level 2.4 Evocations


You had 8 spell levels left.
You knew the following spells:

 Your Spells              Type           Power      Damage    Failure   Level
b - Blink                 Tloc           N/A        N/A       16%         2
c - Conjure Flame         Conj/Fire      18%        6-21      7%          3
m - Mephitic Cloud        Conj/Pois/Air  10%        N/A       19%         3
z - Foxfire               Conj/Fire      72%        2x1d7     2%          1

Your spell library contained the following spells:

 Spells                   Type           Power      Damage    Failure   Level
 Magic Dart               Conj           96%        1d7       1%          1
 Corona                   Hex            13%        N/A       4%          1
 Slow                     Hex            12%        N/A       7%          2
 Apportation              Tloc           12%        N/A       11%         1
 Animate Skeleton         Necr           6%         N/A       16%         1
 Summon Small Mammal      Summ           12%        N/A       16%         1
 Call Imp                 Summ           3%         N/A       24%         2
 Ignite Poison            Fire/Tmut/Pois 6%         N/A       32%         3


Dungeon Overview and Level Annotations

Branches:
Dungeon (8/15)
 Temple: D:4-7         Lair: D:8-11

Altars:
Gozag
Makhleb
Uskayaw
Wu Jian
Zin

Annotations:
D:4 Sigmund
D:7 Joseph


Message History

You are more poisoned.
The water moccasin poisons you!
The ball python bites you but does no damage.
The ball python constricts you. The water moccasin barely misses you.
The ball python bites you. The ball python constricts you.
You escape the ball python's grasp.
Your foxfire dissipates!
* * * LOW HITPOINT WARNING * * *
You feel extremely sick.
The foxfire hits the water moccasin.
The water moccasin is almost dead.
Okay, then.
Okay, then.
Unknown command.
Casting: Foxfire (safe; 2% risk of failure)
Confirm with . or Enter, or press ? or * to list all spells.
You blink.
* * * LOW HITPOINT WARNING * * *
You feel very sick.
Casting: Blink (safe; 16% risk of failure)
Confirm with . or Enter, or press ? or * to list all spells.
You conjure some foxfire!
* * * LOW HITPOINT WARNING * * *
You feel very sick.
Your foxfire dissipates!
* * * LOW HITPOINT WARNING * * *
You feel very sick.
The foxfire hits the water moccasin!
You kill the water moccasin!
Your Evocations skill increases to level 2!
* * * LOW HITPOINT WARNING * * *
You feel sick.
* * * LOW HITPOINT WARNING * * *
You feel sick.
* * * LOW HITPOINT WARNING * * *
You feel sick.
There is a stone staircase leading up here.
You feel sick. The ball python bites you.
You die...
Your body crumbles into a pile of gold.

. .##.# ... ........... #.
# #.#.#..##..
#..##.#.#.#...... #.
##..#......#$#........ ##.
......................
...##.#.# ...#@#.....#
......#.# #.#.S.....###
......#.# .......#........
......#.# ####.#.#.#......
......#.###..#........####
.....>.........#.$..### $
...########..#.#...## #
#..#...#.. #......#...


You could see a ball python.

Vanquished Creatures
  A wyvern (D:7)
  A water moccasin (D:4)
  An ice beast (D:6)
  A sky beast (D:5)
  An ogre (D:8)
  A kobold brigand (D:8)
  A wyvern skeleton (D:7)
  A bullfrog zombie (D:5)
  A centaur zombie (D:5)
  4 hounds
  A jelly (D:6)
  An iguana (D:5)
  A killer bee zombie (D:7)
  4 gnolls (D:5)
  8 adders
  A shadow imp (D:5)
  An ufetubus (D:3)
  An adder skeleton (D:4)
  4 worms
  An orc (D:7)
  9 endoplasms
  2 giant cockroaches
  7 goblins
  4 hobgoblins
  12 jackals
  3 quokkas (D:1)
  5 ball pythons
  5 bats
  A frilled lizard (D:3)
  13 kobolds
  4 rats
101 creatures vanquished.

Vanquished Creatures (others)
  232 foxfires
232 creatures vanquished.

Grand Total: 333 creatures vanquished

Notes
Turn   | Place    | Note
-------+----------+-------------------------------------------
     0 | D:1      | Armakuni the Human Wanderer began the quest for the Orb.
     0 | D:1      | Armakuni set off with the following items: a +0 club, a
                  | potion of lignification, a +0 robe; and the following
                  | spells available to memorise: Slow, Foxfire, Magic Dart,
                  | Blink, Call Imp, Conjure Flame, Ignite Poison, Mephitic
                  | Cloud
     0 | D:1      | Reached XP level 1. HP: 13/13 MP: 3/3
     3 | D:1      | Learned a level 1 spell: Foxfire
   121 | D:1      | Reached skill level 1 in Fire Magic
   177 | D:1      | Reached XP level 2. HP: 19/19 MP: 3/5
   318 | D:2      | Learned a level 2 spell: Blink
   325 | D:2      | Found an ornate altar of the Wu Jian Council.
   501 | D:2      | Reached skill level 1 in Conjurations
   632 | D:1      | Reached XP level 3. HP: 24/24 MP: 3/6
   799 | D:1      | Reached skill level 2 in Conjurations
   989 | D:1      | Learned a level 3 spell: Conjure Flame
  1590 | D:2      | Reached XP level 4. HP: 30/30 MP: 7/7
  2088 | D:3      | Found a burning altar of Makhleb.
  2176 | D:3      | Reached XP level 5. HP: 16/35 MP: 0/8
  2458 | D:3      | Found a faded altar of an unknown god.
  2720 | D:4      | Noticed a water moccasin
  2762 | D:3      | Learned a level 3 spell: Mephitic Cloud
  2766 | D:4      | Noticed Sigmund
  3025 | D:4      | You fall into a shaft and drop 3 floors!
  3025 | D:7      | Noticed an ogre
  3027 | D:7      | Noticed Joseph
  3031 | D:7      | Noticed a kobold brigand
  3130 | D:8      | Killed an ogre
  3131 | D:8      | Reached skill level 3 in Conjurations
  3131 | D:8      | Reached XP level 6. HP: 29/41 MP: 0/10
  3311 | D:8      | Reached skill level 4 in Conjurations
  3508 | D:7      | Reached skill level 5 in Conjurations
  3524 | D:7      | Noticed a wyvern
  3753 | D:7      | Killed a wyvern
  3754 | D:7      | Reached XP level 7. HP: 43/46 MP: 8/12
  3897 | D:5      | Entered Level 5 of the Dungeon
  4041 | D:5      | Reached skill level 6 in Conjurations
  4133 | D:5      | Reached XP level 8. HP: 44/52 MP: 10/14
  4142 | D:5      | Noticed a two-headed ogre
  4582 | D:5      | Reached skill level 5 in Spellcasting
  4582 | D:5      | Reached skill level 7 in Conjurations
  4605 | D:5      | Found an opulent altar of Gozag.
  4605 | D:5      | Found a hide-covered altar of Uskayaw.
  4605 | D:5      | Found a glowing silver altar of Zin.
  4608 | D:5      | Found an ornate altar of the Wu Jian Council.
  4624 | D:5      | Became a worshipper of Gozag Ym Sagoz the Greedy
  4666 | D:4      | HP: 2/52 [poisoned by a water moccasin]
  4668 | D:4      | Slain by a ball python

Illustrated notes

Levels and vault maps discovered:
D:1:      psy_arrival_dodecagon, layout_basic, kennysheep_minor_cross,
          hangedman_decor_clover_reticule
D:2:      layout_loops_cross, basic_altar, serial_bayou_pond_e
D:3:      layout_rooms, marbit_many_paths, chequers_ecumenical_altar_island,
          grunt_ministairs_3
D:4:      layout_basic, minmay_misc_feat_iff, minmay_misc_feat_doors,
          uniq_sigmund
D:5:      cheibrodos_fzero, layout_loops_ring, grunt_temple_overflow_open,
          corner_web_ring
D:6:      layout_cave_pods, corexii_hall_statues_deadend, uniq_pikel
D:7:      layout_rooms, minmay_temple_entry_arrows, kennysheep_small_circle,
          uniq_joseph
D:8:      layout_loops_ring, amcnicky_altar_gilded, erik_lair_orcish_takeover,
          ebering_ghost_reflecting_pool

Skill      XL: |  1  2  3  4  5  6  7  8 |
---------------+-------------------------+-----
Fire Magic     | 1 2 |  2.7
Conjurations   | 1 2 3 5 6 7 |  7.0
Spellcasting   | 3 4 5 |  5.0
Evocations     | 2 |  2.4
Throwing       | |  1.0
Hexes          | |  3.0
Translocations | |  1.0
Ice Magic      | |  2.0

Action                   |  1- 3 |  4- 6 |  7- 9 || total
-------------------------+-------+-------+-------++-------
Melee: Club              |     5 |       |       ||     5
       Quarterstaff      |    14 |    20 |       ||    34
       Dagger            |       |    12 |       ||    12
       Lajatang          |       |       |    40 ||    40
 Fire: Hunting sling     |    29 |    58 |     3 ||    90
Throw: Boomerang         |       |     1 |       ||     1
 Cast: Foxfire           |    34 |    68 |    39 ||   141
       Blink             |       |     3 |     7 ||    10
       Conjure Flame     |       |     7 |     5 ||    12
       Mephitic Cloud    |       |       |     3 ||     3
  Use: Potion            |     1 |     6 |     1 ||     8
       Scroll            |     3 |     4 |     3 ||    10
Armor: Skin              |     7 |       |       ||     7
       Robe              |     8 |    12 |    10 ||    30
Dodge: Dodged            |    26 |    69 |    39 ||   134

Table legend: (Time is in decaauts)
 A = Elapsed time spent in this place.
 B = Non-inter-level travel time spent in this place.
 C = Inter-level travel time spent in this place.
 D = Time resting spent in this place.
 E = Time spent auto-exploring this place.
 F = Levels seen in this place.
 G = Mean time per level.
                   A        B        C        D        E       F      G
               +--------+--------+--------+--------+--------+-----+--------+
         Total |   4704 |   4518 |    186 |   1042 |   1786 |   8 |  588.0 |
       Dungeon |   4704 |   4518 |    186 |   1042 |   1786 |   8 |  588.0 |
               +--------+--------+--------+--------+--------+-----+--------+

Top non-repeatable levels by time:
     D:1: 1095 daAuts
     D:3: 862 daAuts
     D:2: 834 daAuts
     D:5: 588 daAuts
     D:8: 483 daAuts
     D:7: 336 daAuts
     D:4: 280 daAuts
     D:6: 223 daAuts
